cohdb
Replays
Latest Replays
All Replays
Popular Replays
Top Player Replays
Match Explorer
How It Works
Community
CoH3 Stats
Reddit
Sign in to upload your games and track your stats! →
Sign in with Steam
Match 45361099
Unlisted
Match 45361099
Overview
Messages
Build Orders
End
Kradschützen Motorcycle Team
Panzergrenadier Squad
250 Light Carrier
Construct Light Support Kompanie
Combat Half-tracks
Panzerjäger Squad
Construct Mechanized Kompanie
8 Rad Armored Car
Panzerjäger Mechanized Group
Selects Armored Support Battlegroup
Selects Superior Fire Drills
Selects Flammpanzer III Medium Tank
Flammpanzer III Medium Tank
Flammpanzer III Medium Tank
Panzerjäger Squad
Support Armor Elements
Panzerjäger Mechanized Group
Selects Salvage Kits
Emergency Repair Kits
Marder III Tank Destroyer
Selects Command Panzer IV F Medium Tank
Be Frabjous
Henk
water
Hirys it's Irys
Contemptuous SUOMI DEFENDER '99
Tiger One
Ulysses
Wololo
0
0
Comments
sign in to comment!
No comments posted yet!